 Dungeon Crawl Stone Soup version 0.19.5 (webtiles) character file.

50 equalderp2856 the Scratcher (level 3, 0/17 HPs)
             Began as a Felid Fighter on Mar 14, 2017.
             Succumbed to an adder's poison
             ... on level 1 of the Dungeon.
             The game lasted 00:05:17 (3728 turns).

equalderp2856 the Scratcher (Felid Fighter)         Turns: 3728, Time: 00:05:17

Health: 0/17       AC:  1    Str: 13    XL:     3   Next: 55%
Magic:  4/4        EV: 26    Int:  9    God:
Gold:   38         SH:  0    Dex: 20    Spells: 0 memorised, 2 levels left
                                        Lives:  0   Deaths: 0

rFire  . . .     SeeInvis +       - Unarmed
rCold  . . .     Gourm    .     (armour unavailable)
rNeg   . . .     Faith    .     (shield unavailable)
rPois  .         Spirit   .     (helmet unavailable)
rElec  .         Reflect  .     (cloak unavailable)
rCorr  .         Harm     .     (gloves unavailable)
MR     .....                    (boots unavailable)
Stlth  +++.......               (no amulet)
                                (no ring)
                                (no ring)

@: agile, lethally poisoned (0 -> -9), quick
A: no armour, no weapons or thrown items, stealth, claws 1, fangs 3, see
invisible, carnivore 3, speed 1, shaggy fur 1, slow metabolism 1, sharp paws
a: no special abilities


You were on level 1 of the Dungeon.
You were not hungry.

You visited 1 branch of the dungeon, and saw 2 of its levels.

You collected 38 gold pieces.

Inventory:

Scrolls
 c - a scroll of blinking {unknown}
 e - a scroll of amnesia {unknown}
 g - a scroll of remove curse {unknown}
Potions
 a - a potion of might
Comestibles
 d - 2 bread rations


   Skills:
 + Level 3.2 Fighting
 + Level 4.7 Dodging
 + Level 0.4 Stealth
 + Level 4.8 Unarmed Combat


You had 2 spell levels left.
You didn't know any spells.

Dungeon Overview and Level Annotations

Branches:
Dungeon (2/15)

Altars:


Innate Abilities, Weirdness & Mutations

You cannot wear armour.
You are incapable of wielding weapons or throwing items.
Your paws allow you to move quietly. (Stealth)
You have sharp claws.
You have razor-sharp teeth.
You have supernaturally acute eyesight. (SInv)
You are carnivorous and can eat meat at any time.
You cover ground quickly.
You are covered in fur. (AC +1)
You have a slow metabolism.
Your sharp claws are effective at attacking unaware monsters.


Message History

The adder is heavily wounded.
You feel sick. The adder bites you.
You are lethally poisoned!
The adder poisons you! The adder misses you.
You scratch the adder.
The adder is almost dead.
You feel sick. The adder misses you.
You claw the adder!
You kill the adder!
You barely miss the hobgoblin. Your bite misses the hobgoblin.
You feel sick. The hobgoblin completely misses you.
You barely miss the hobgoblin. Your claw misses the hobgoblin.
The hobgoblin closely misses you.
You scratch the hobgoblin but do no damage.
* * * LOW HITPOINT WARNING * * *
You feel sick. The hobgoblin hits you with a club.
* * * LOW HITPOINT WARNING * * *
It was a potion of agility.
You feel agile all of a sudden.
You die...

#..........####..##
#.#######..# ##...##
#.#######..###.....###
#............##......##
#..##.###..#.##..#.....
#..##.###..#.........##
#..........####..#####
##.###.###.......## ##
#.# #@# #.####...## #P
#.###g###.###.....###P
#.........##.......##P
####...####.........#P
#....>).'.........'P
##...####.........#P
##.## ##.......... #.#
##.....##.. #.#
##...###..


You could see a hobgoblin.

Vanquished Creatures
  An adder (D:1)
  An ooze (D:1)
  A worm (D:2)
  A dart slug (D:1)
  A leopard gecko (D:1)
  3 bats (D:1)
  2 giant cockroaches (D:1)
  4 goblins (D:1)
  3 hobgoblins (D:1)
  4 frilled lizards
  6 kobolds
  4 rats (D:1)
  56 plants (D:1)
87 creatures vanquished.

Vanquished Creatures (others)
  A plant (D:1)
1 creature vanquished.

Grand Total: 88 creatures vanquished

Notes
Turn   | Place    | Note
-------+----------+-------------------------------------------
     0 | D:1      | equalderp2856 the Felid Fighter began the quest for the Orb.
     0 | D:1      | Reached XP level 1. HP: 10/10 MP: 2/2
   512 | D:1      | Reached XP level 2. HP: 7/14 MP: 3/3
  3600 | D:2      | Reached XP level 3. HP: 16/17 MP: 4/4
  3728 | D:1      | Succumbed to an adder's poison

Action                   || total
-------------------------++-------
Melee: Unarmed           ||  1697
       Bite              ||   355
       Punch             ||    63
  Use: Potion            ||     1
 Stab: Sleeping          ||     2
  Eat: Chunk             ||     3
       Meat ration       ||     1
       Pizza             ||     1
Armor: Skin              ||     6
Dodge: Dodged            ||   107
